 Dungeon Crawl Stone Soup version 0.31-a0-162-gc4c5a43528 (webtiles) character file.

Game seed: 10428934665116425654

542 qw the Chopper (level 7, -4/43 HPs)
             Began as a Gargoyle Fighter on June 12, 2023.
             Slain by an ogre
             ... wielding a +0 giant spiked club
              (8 damage)
             ... on level 5 of the Dungeon.
             The game lasted 00:02:05 (3550 turns).

qw the Chopper (Gargoyle Fighter)                   Turns: 3550, Time: 00:02:06

Health: -4/43      AC: 15    Str: 21 (22) XL:     7   Next: 27%
Magic:  7/7        EV:  7    Int:  7 (8)  God:
Gold:   182        SH:  3    Dex:  4 (6)  Spells: 6/6 levels left

rFire   . . .        g - +2 war axe
rCold   + . .        c - +0 buckler
rNeg    + + .        k - +0 chain mail
rPois   inf          f - +0 helmet
rElec   +            (no cloak)
rCorr   .            (no gloves)
SInv    +            (no boots)
Will    ++...        (no amulet) Stlth
                     e - ring of Teizxon {rC+ rN+ Will++ Dex-3}
HPRegen 0.27/turn    o - ring of see invisible
MPRegen 0.10/turn

%: no passive effects
@: no status effects
A: sickness immunity, AC +4, negative energy resistance 1, electricity
resistance, torment resistance 1, petrification resistance
a: no special abilities


You were on level 5 of the Dungeon.
You visited 2 branches of the dungeon, and saw 6 of its levels.

You collected 182 gold pieces.


Innate Abilities, Weirdness & Mutations

You are immune to sickness and miasma.
Your stone body is resilient. (AC +4)
You are immune to poison.
You resist negative energy. (rN+)
You are resistant to electric shocks. (rElec)
You are resistant to unholy torment.
You are immune to petrification.


   Skills:
 - Level 4.0 Fighting
 + Level 6.8 Axes
 - Level 3.2 Armour
 - Level 3.2 Shields


You had 6 spell levels left.
You didn't know any spells.
Your spell library was empty.

Inventory:

Hand Weapons
 g - a +2 war axe (weapon)
 p - a +0 flail
Armour
 c - a +0 buckler (worn)
 f - a +0 helmet (worn)
 k - a +0 chain mail (worn)
Jewellery
 e - the ring of Teizxon (left hand) {rC+ rN+ Will++ Dex-3}
   (You found it on level 4 of the Dungeon)

   [ring of protection from cold]

   Dex:       It affects your dexterity (-3).
   rC:        It protects you from cold.
   rN:        It protects you from negative energy.
   Will:      It greatly increases your willpower.
 o - a ring of see invisible (right hand)
 Y - a ring of resist corrosion
Scrolls
 a - a scroll of identify
Potions
 b - a potion of attraction {unknown}
 d - a potion of might
 h - a potion of mutation {unknown}
 i - a potion of ambrosia {unknown}
 l - a potion of magic {unknown}
 m - a potion of heal wounds {unknown}
 n - a potion of curing {unknown}

Dungeon Overview and Level Annotations

Branches:
Dungeon (5/15)             Temple (1/1) D:4

Altars:
Ashenzari
Cheibriados
Dithmenos
Elyvilon
Fedhas
Hepliaklqana
Kikubaaqudgha
Nemelex Xobeh
Ru
Sif Muna
Trog
Uskayaw
Wu Jian
Xom
Yredelemnul
Zin
The Shining One

Shops:
D:1 [

Annotations:
D:4 exclusion: 2 iron imps


Message History

You block the worm's attack.
You slash the worm!
You kill the worm!
You start resting.
HP restored.
You see here a worm corpse.
An ogre and a scorpion come into view.
The ogre shouts!
The ogre moves out of view.
You see here 7 gold pieces.
You hit the scorpion.
The scorpion is moderately wounded.
The scorpion stings you but does no damage.
The scorpion closely misses you.
You slash the scorpion!
The scorpion is almost dead.
The scorpion stings you but does no damage.
The ogre hits you with a +0 giant spiked club.
You barely miss the scorpion.
The scorpion is almost dead.
You hit the ogre. The scorpion closely misses you.
The scorpion barely misses you. The ogre barely misses you.
You closely miss the scorpion.
The scorpion is almost dead.
You hit the ogre.
The scorpion stings you but does no damage.
You slash the scorpion!
You kill the scorpion!
You slash the ogre!
The ogre hits you with a +0 giant spiked club!!
Ouch! That really hurt!
You feel your dexterity returning.
You barely miss the ogre.
The ogre is severely wounded.
The ogre hits you with a +0 giant spiked club!
You barely miss the ogre.
The ogre is severely wounded.
The ogre hits you with a +0 giant spiked club!
You die...

##...........
##.......#...
........#..
#........#
.##.....(..# .
...........##..
#.....%O......
.##....@...##..
................
#.##.#.%..........
#..............
##.............
#?............
#..............
..##..............
#.................


You could see an ogre.

Vanquished Creatures
  An ice beast (D:3)
  A scorpion (D:5)
  A howler monkey (D:3)
  A hound (D:4)
  2 orc priests (D:3)
  A sleepcap (D:5)
  Robin (D:4)
  8 adders
  An ufetubus (D:4)
  2 worms
  2 dart slugs
  16 orcs
  5 bats
  10 endoplasms
  7 giant cockroaches
  15 goblins
  7 hobgoblins
  8 jackals (D:2)
  6 kobolds
  6 quokkas
  5 ball pythons
  5 frilled lizards
  3 rats
114 creatures vanquished.

Notes
Turn   | Place    | Note
-------+----------+-------------------------------------------
     0 | D:1      | qw the Gargoyle Fighter began the quest for the Orb.
     0 | D:1      | Reached XP level 1. HP: 14/14 MP: 1/1
     0 | D:1      | 0 ||| qw: Version: 0.2-a-29-gc1b59c4
     0 | D:1      | 0 ||| qw: Game counter: 4390
     0 | D:1      | 0 ||| qw: Always use a shield: true
     0 | D:1      | 0 ||| qw: God list: Okawaru
     0 | D:1      | 0 ||| qw: Allow faded altars: false
     0 | D:1      | 0 ||| qw: Do Orc after D:15 true
     0 | D:1      | 0 ||| qw: Do second Lair branch before Depths: true
     0 | D:1      | 0 ||| qw: Lair rune preference: random
     0 | D:1      | 0 ||| qw: Plans: Normal, Zot:1-4, Slime:5, God:TSO, Crypt,
                  | Tomb, Abyss, Pan, Hells, Win
     0 | D:1      | 0 ||| PLANNING D:1-11
    95 | D:1      | Reached skill level 2 in Axes
   108 | D:1      | Found Kiewka's Antique Armour Shop.
   113 | D:1      | 113 ||| SHOPLISTING +1 robe of Vines {NoPotionHeal
                  | Regen++++} (1840 gold, have 9).
   113 | D:1      | 113 ||| SHOPLISTING helmet (103 gold, have 9).
   113 | D:1      | 113 ||| SHOPLISTING plate armour (529 gold, have 9).
   113 | D:1      | 113 ||| SHOPLISTING scorched scarf (230 gold, have 9).
   159 | D:1      | Reached XP level 2. HP: 19/19 MP: 2/2
   537 | D:1      | Found a faded altar of an unknown god.
   587 | D:1      | Reached skill level 3 in Axes
   589 | D:1      | 589 ||| Stepping ~*~*~tactically~*~*~ (hiding).
   598 | D:1      | Reached XP level 3. HP: 21/23 MP: 3/3
   764 | D:1      | 764 ||| READING 2 scrolls labelled CUNEOHUEST.
   765 | D:1      | 765 ||| READING scroll labelled BEQU HOVAUPN.
   766 | D:1      | 766 ||| READING scroll labelled QETSYU RERATAU.
   790 | D:2      | 790 ||| STAIRDANCE
   911 | D:2      | 911 ||| DROPPING +0 club.
   912 | D:2      | 912 ||| Stepping ~*~*~tactically~*~*~ (hiding).
  1039 | D:2      | Reached XP level 4. HP: 28/28 MP: 4/4
  1051 | D:2      | Reached skill level 4 in Axes
  1345 | D:2      | 1345 ||| Stepping ~*~*~tactically~*~*~ (stealth).
  1579 | D:2      | 1579 ||| UPGRADING to +0 helmet.
  1584 | D:2      | 1584 ||| UPGRADING to +0 chain mail.
  1594 | D:2      | 1594 ||| DROPPING +0 scale mail.
  1595 | D:2      | 1595 ||| READING 2 scrolls labelled FOAROI QAINAFF.
  1596 | D:2      | 1596 ||| READING scroll of enchant weapon.
  1596 | D:2      | 1596 ||| ENCHANTING +1 war axe.
  1597 | D:2      | 1597 ||| READING 2 scrolls of identify.
  1597 | D:2      | 1597 ||| IDENTIFYING black potion
  1598 | D:2      | 1598 ||| DROPPING potion of berserk rage.
  1671 | D:3      | Reached XP level 5. HP: 32/32 MP: 5/5
  1714 | D:3      | 1714 ||| Stepping ~*~*~tactically~*~*~ (hiding).
  1729 | D:3      | Reached skill level 5 in Axes
  1731 | D:3      | HP: 2/32 [orc priest/divine providence (12)]
  1784 | D:3      | 1784 ||| FLEEEEING.
  1785 | D:3      | 1785 ||| FLEEEEING.
  1786 | D:3      | 1786 ||| FLEEEEING.
  1787 | D:3      | 1787 ||| FLEEEEING.
  1790 | D:3      | 1790 ||| STAIRDANCE
  1853 | D:2      | 1853 ||| READING scroll labelled ARAIXZ YCAETZ.
  1854 | D:2      | 1854 ||| READING scroll labelled YLABI LEOBA.
  1913 | D:3      | 1913 ||| Stepping ~*~*~tactically~*~*~ (stealth).
  1919 | D:3      | Found a hazy altar of Hepliaklqana.
  1920 | D:3      | Found a bloodstained altar of Trog.
  1922 | D:3      | Found a shadowy altar of Dithmenos.
  1922 | D:3      | Found an ancient bone altar of Kikubaaqudgha.
  1938 | D:3      | Reached XP level 6. HP: 38/38 MP: 6/6
  2054 | D:3      | 2054 ||| Stepping ~*~*~tactically~*~*~ (stealth).
  2084 | D:3      | 2084 ||| Stepping ~*~*~tactically~*~*~ (stealth).
  2109 | D:3      | 2109 ||| Stepping ~*~*~tactically~*~*~ (stealth).
  2111 | D:3      | 2111 ||| Stepping ~*~*~tactically~*~*~ (hiding).
  2124 | D:3      | 2124 ||| FLEEEEING.
  2147 | D:3      | Noticed an ice beast
  2154 | D:3      | HP: 8/38 [ice beast (6)]
  2155 | D:3      | Killed an ice beast
  2517 | D:3      | 2517 ||| Stepping ~*~*~tactically~*~*~ (stealth).
  2578 | D:3      | 2578 ||| READING scroll labelled CAOLIA XYTOSIF.
  2579 | D:3      | 2579 ||| DRINKING 2 green potions.
  2580 | D:3      | 2580 ||| DROPPING potion of degeneration.
  2672 | D:4      | 2672 ||| Stepping ~*~*~tactically~*~*~ (stealth).
  2682 | D:4      | Reached skill level 6 in Axes
  2698 | D:4      | 2698 ||| Stepping ~*~*~tactically~*~*~ (stealth).
  2744 | D:4      | Found a staircase to the Ecumenical Temple.
  2744 | D:4      | Noticed Robin
  2745 | D:4      | 2745 ||| PLANNING TEMPLE
  2752 | D:4      | Killed Robin
  2772 | Temple   | Entered the Ecumenical Temple
  2930 | Temple   | 2930 ||| PLANNING D:1-11
  2962 | D:4      | Identified the ring of Teizxon {rC+ rN+ Will++ Dex-3}
  3004 | D:4      | Found a glowing silver altar of Zin.
  3008 | D:4      | Found an ornate altar of the Wu Jian Council.
  3120 | D:4      | Identified the +3 leather armour of Covalu {Harm rElec
                  | Str+2 Dex+3}
  3230 | D:4      | Reached XP level 7. HP: 43/43 MP: 7/7
  3419 | D:4      | 3419 ||| DROPPING +0 mace.
  3433 | D:4      | 3433 ||| UPGRADING to ring of Teizxon {rC+ rN+ Will++
                  | Dex-3}.
  3434 | D:4      | 3434 ||| UPGRADING to ring of resist corrosion.
  3435 | D:4      | 3435 ||| UPGRADING to ring of see invisible.
  3446 | D:5      | Entered Level 5 of the Dungeon
  3549 | D:5      | HP: 3/43 [ogre/+0 giant spiked club (11)]
  3550 | D:5      | Slain by an ogre

Levels and vault maps discovered:
D:1:      minmay_arrival_hallway, layout_loops_ring, serial_shops,
          nicolae_shop_pleasant_corner_grove, shapermc_ecumenical_altar_ellora
D:2:      layout_loops_ring, wad_orctagon
D:3:      layout_loops_cross, grunt_temple_overflow_open, kennysheep_flooded_box
D:4:      layout_basic, minitemple, demons_altar, temple_fountains, uniq_robin
D:5:      layout_rooms, mainiacjoe_overflow_swirl, solitary_fountain,
          uniq_blork_the_orc, uniq_menkaure, uniq_sigmund
Temple:   bh_familiar_temple

Skill      XL: |  1  2  3  4  5  6 |
---------------+-------------------+-----
Axes           | 2 3 4 5 6 |  6.8
Fighting       | 4 |  4.0
Armour         | |  3.2
Shields        | |  3.2

Action                     |  1- 3 |  4- 6 |  7- 9 || total
---------------------------+-------+-------+-------++-------
  Melee: War axe           |   119 |   154 |    26 ||   299
  Throw: Boomerang         |     5 |    48 |       ||    53
    Use: Scroll            |     3 |     6 |       ||     9
         Potion            |       |     1 |       ||     1
   Stab: Distracted        |       |     1 |       ||     1
 Armour: Scale mail        |    69 |    19 |       ||    88
         Chain mail        |       |    53 |    15 ||    68
  Dodge: Dodged            |    53 |    61 |     6 ||   120
  Block: Buckler           |    18 |    35 |     4 ||    57

Table legend:
 A = Non-vault XP
 B = Vault XP
 C = Vault XP percentage of total XP
 D = Non-vault monster count
 E = Vault monster count
 F = Vault count percentage of total count
                 A         B        C        D         E       F
            +---------+---------+-------+---------+---------+-------
      Total |     728 |      47 |   6.1 |      98 |      16 |  14.0
            +---------+---------+-------+---------+---------+-------
        D:1 |      42 |       0 |   0.0 |      23 |       0 |   0.0
        D:2 |      97 |      12 |  11.0 |      31 |       4 |  11.4
        D:3 |     348 |       0 |   0.0 |      32 |       0 |   0.0
        D:4 |      97 |      35 |  26.5 |       8 |      12 |  60.0
        D:5 |     144 |       0 |   0.0 |       4 |       0 |   0.0
            +---------+---------+-------+---------+---------+-------
